 Dungeon Crawl Stone Soup version 0.32-a0-995-gb4a59205af (webtiles) character file.

Game seed: 17660841830801808548

11 protoss039 the Digger (level 2, 20/20 HPs)
             Began as a Demonspawn Earth Elementalist on Apr 22, 2024.
             Got out of the dungeon alive.
             The game lasted 00:00:33 (471 turns).

protoss039 the Digger (DsEE)                         Turns: 471, Time: 00:00:34

Health: 20/20      AC:  6    Str:  8    XL:     2   Next: 17%
Magic:  5/5        EV: 11    Int: 15    God:
Gold:   12         SH:  0    Dex: 13    Spells: 4/5 levels left

rFire   . . .        d - +0 short sword
rCold   . . .        (no shield)
rNeg    . . .        a - +0 robe
rPois   .            e - +0 helmet
rElec   .            (no cloak)
rCorr   .            (no gloves)
SInv    .            h - +2 pair of boots
Will    .....        (no amulet)
Stlth   ++           (no ring)
HPRegen 0.23/turn    (no ring)
MPRegen 0.09/turn

%: no passive effects
@: no status effects
A: weakness stinger 1
a: no special abilities


You escaped.
You visited 1 branch of the dungeon, and saw 1 of its levels.

You collected 12 gold pieces.

Inventory:

Hand Weapons
 d - a +0 short sword (weapon)
Missiles
 f - 5 poisoned darts
Armour
 a - a +0 robe (worn)
 e - a +0 helmet (worn)
 h - a +2 pair of boots (worn)
Scrolls
 c - a scroll of identify {unknown}
 g - a scroll of vulnerability {unknown}
Potions
 b - a potion of magic
 i - a potion of mutation {unknown}


   Skills:
 + Level 0.9 Fighting
 - Level 1.7 Dodging
 - Level 1.7 Stealth
 + Level 2.2 Spellcasting
 - Level 1.0 Conjurations
 + Level 2.9 Earth Magic


You had 4 spell levels left.
You knew the following spells:

 Your Spells              Type           Power      Damage    Failure   Level
a - Sandblast             Erth           20%        2d7       6%          1

Your spell library contained the following spells:

 Spells                   Type           Power      Damage    Failure   Level
 Passwall                 Erth           10%        N/A       19%         3
 Stone Arrow              Conj/Erth      14%        3d7       28%         3
 Brom's Barrelling Bould  Conj/Erth      7%         2d3       67%         4
 Petrify                  Alch/Erth      6%         N/A       75%         4


Dungeon Overview and Level Annotations

Branches:
Dungeon (1/15) Zot: 5521

Altars:


Innate Abilities, Weirdness & Mutations

You have a small tail.


Message History

Confirm with . or Enter, or press ? or * to list all spells.
Aiming: Sandblast (safe; 7% risk of failure)
Press: ? - help, Shift-Dir - straight line, f - you
Okay, then.
Casting: Sandblast (safe; 7% risk of failure)
Confirm with . or Enter, or press ? or * to list all spells.
Aiming: Sandblast (safe; 7% risk of failure)
Press: ? - help, Shift-Dir - straight line, f - you That would be overly suicidal.
Okay, then.
Unknown command.
Casting: Sandblast (safe; 7% risk of failure)
Confirm with . or Enter, or press ? or * to list all spells.
Aiming: Sandblast (safe; 7% risk of failure)
Press: ? - help, Shift-Dir - straight line, f - goblin
Aim: a goblin, wielding a +0 club (asleep, 100% to hit)
The blast of sand hits the goblin!
You kill the goblin!
Unknown command.
i - a bubbling purple potion
Found 8 gold pieces.
A goblin comes into view. It is wielding a +0 dagger.
The goblin shouts!
You can't go up here!
A goblin is nearby!
Unknown command.
Unknown command.
Casting: Sandblast (safe; 6% risk of failure)
Confirm with . or Enter, or press ? or * to list all spells.
Aiming: Sandblast (safe; 6% risk of failure)
Press: ? - help, Shift-Dir - straight line, f - goblin
Aim: a goblin, wielding a +0 dagger (77% to hit)
The blast of sand hits the goblin!
You kill the goblin!
Unknown command.
There is an open door here.
There is an open door here.
There is an open door here.
There is a staircase leading out of the dungeon here.
You have escaped!

........ .. ........ # ........
.#### ..##..# ..... ..# #.# ###
### ##### .## #.# ##.# ##.#
.####.# ##..# ##..# # .##...#
##...###...# ## .##...#
##..@.##....# ##. .##...#
#.....'.....# ##..
.####.###########+#####'# ##...
............# ##.# ##.# ##...#
............# ##..# ##..# ##...##
............###...###...###...##
............##....##..⌠.##...####
............#.....'.....'........
............#####################


There were no monsters in sight!

Vanquished Creatures
  2 goblins (D:1)
  2 hobgoblins (D:1)
  A kobold (D:1)
  A quokka (D:1)
  A ball python (D:1)
  A bat (D:1)
  3 frilled lizards (D:1)
  A rat (D:1)
12 creatures vanquished.

Notes
Turn   | Place    | Note
-------+----------+-------------------------------------------
     0 | D:1      | protoss039 the Demonspawn Earth Elementalist began the
                  | quest for the Orb.
     0 | D:1      | Reached XP level 1. HP: 13/13 MP: 3/3
   304 | D:1      | Gained mutation: You have a small tail. [demonic ancestry]
   304 | D:1      | Reached XP level 2. HP: 20/20 MP: 3/5
   471 | D:$      | Got out of the dungeon alive.

Illustrated notes

Levels and vault maps discovered:
D:1:      dpeg_arrival_triangle_fractal, layout_basic

Action                     || total
---------------------------++-------
   Cast: Sandblast         ||    16
 Armour: Robe              ||     4
  Dodge: Dodged            ||     3

Table legend: (Time is in decaauts)
 A = Elapsed time spent in this place.
 B = Non-inter-level travel time spent in this place.
 C = Inter-level travel time spent in this place.
 D = Time resting spent in this place.
 E = Time spent auto-exploring this place.
 F = Levels seen in this place.
 G = Mean time per level.
                   A        B        C        D        E       F      G
               +--------+--------+--------+--------+--------+-----+--------+
         Total |    478 |    379 |     99 |      0 |    290 |   1 |  478.0 |
       Dungeon |    478 |    379 |     99 |      0 |    290 |   1 |  478.0 |
               +--------+--------+--------+--------+--------+-----+--------+

Top non-repeatable levels by time:
     D:1: 478 daAuts
